Map: Blackburn LE

Players

nibOr

  • Race: Protoss Protoss
  • League: Platinum
  • Spawn Location: 7:00

Pumba - Winner!

  • Race: Protoss Protoss
  • League: Gold
  • Spawn Location: 5:00

VOD

Have the link to the VOD?

Description

Time

  • Played on: Feb. 1, 2022, 7:13 p.m.
  • Length: 9:05
Show
View Real Time Build Order
Export as new Build Order

nibOr Protoss 

Build Orders: 1 Gate Expand, Zealot Archon, Dark Templar Rush 

Get SALT Encoding   

  12  0:00  Probe  
  13  0:12  Probe  
  14  0:18  Pylon  
  14  0:24  Probe  
  15  0:36  Probe  
  15  0:39  Gateway  
  16  0:45  Assimilator  
  16  0:49  Probe  
  17  1:01  Probe  
  18  1:13  Probe  
  19  1:23  Nexus  
  19  1:27  Probe  
  20  1:39  Cybernetics Core  
  20  1:42  Pylon  
  20  1:51  Probe (Chrono Boost)  
  21  1:55  Assimilator  
  22  2:02  Probe (Chrono Boost)  
  22  2:09  Probe (Chrono Boost)  
  23  2:16  Adept (Chrono Boost)  
  23  2:18  Shield Battery, Warp Gate (Chrono Boost)  
  23  2:21  Probe  
  26  2:33  Probe  
  27  2:38  Twilight Council  
  27  2:40  Probe  
  28  2:45  Probe  
  28  2:52  Assimilator  
  28  2:53  Probe  
  28  2:57  Robotics Facility  
  28  2:58  Probe  
  30  3:05  Probe  
  31  3:08  Stalker  
  31  3:10  Probe  
  34  3:17  Probe  
  35  3:22  Probe  
  36  3:29  Probe  
  36  3:32  Dark Shrine  
  37  3:34  Probe  
  39  3:41  Warp Prism (Chrono Boost), Probe  
  39  3:46  Probe  
  42  3:53  Probe, Pylon  
  43  3:58  Probe, Pylon  
  44  4:05  Gateway  
  44  4:09  Probe  
  45  4:15  Probe  
  46  4:21  Pylon  
  46  4:22  Probe  
  47  4:24  Assimilator  
  47  4:27  Probe  
  48  4:35  Immortal  
  48  4:37  Stalker  
  54  4:39  Probe  
  54  4:40  Probe  
  56  4:51  Gateway  
  56  4:54  Probe x2  
  56  4:55  Forge  
  58  5:00  Dark Templar  
  58  5:02  Dark Templar  
  58  5:39  Probe x2  
  60  5:43  Stalker x2  
  60  5:45  Blink (Chrono Boost)  
  64  5:51  Probe x2  
  64  5:53  Protoss Ground Weapons Level 1 (Chrono Boost)  
  64  5:54  Forge  
  66  6:03  Probe x2  
  68  6:05  Dark Templar, Gateway  
  68  6:07  Gateway  
  68  6:09  Pylon  
  70  6:11  Pylon  
  70  6:20  Pylon  
  70  6:27  Probe x2  
  70  6:28  Dark Templar, Pylon  
  74  6:36  Protoss Shields Level 1 (Chrono Boost)  
  74  6:41  Nexus, Archon  
  74  6:42  Dark Templar x2  
  74  6:43  Pylon  
  74  6:44  Gateway  
  74  6:45  Gateway  
  78  6:50  Gateway  
  78  6:51  Gateway  
  76  7:01  Stalker  
  76  7:05  Archon  
  78  7:11  Dark Templar x2  
  78  7:15  Archon  
  82  7:17  Stalker x2  
  81  7:46  Stalker x3  
  81  7:47  Stalker x6  
  93  8:03  Immortal (Chrono Boost)  
  97  8:14  Robotics Facility  
Show
View Real Time Build Order
Export as new Build Order

Pumba Protoss - Winner!

Build Orders: 1 Gate Expand, Colossus Rush 

Get SALT Encoding   

  12  0:00  Probe  
  13  0:12  Probe  
  14  0:19  Pylon  
  14  0:25  Probe  
  15  0:37  Probe (Chrono Boost)  
  16  0:45  Gateway  
  16  0:49  Probe (Chrono Boost)  
  17  0:50  Assimilator  
  17  0:54  Probe (Chrono Boost)  
  18  1:06  Probe  
  19  1:18  Probe  
  20  1:28  Nexus  
  20  1:34  Cybernetics Core  
  20  1:39  Probe  
  21  1:43  Assimilator  
  21  1:51  Probe  
  22  1:58  Pylon  
  22  2:03  Probe  
  23  2:08  Warp Gate  
  23  2:15  Stalker (Chrono Boost)  
  23  2:16  Probe  
  26  2:33  Robotics Facility  
  27  2:37  Probe (Chrono Boost)  
  27  2:40  Probe (Chrono Boost)  
  28  2:47  Stalker  
  28  2:49  Probe (Chrono Boost)  
  28  2:51  Probe (Chrono Boost)  
  32  2:54  Probe (Chrono Boost)  
  33  2:59  Probe  
  34  3:09  Gateway, Probe  
  34  3:11  Gateway  
  35  3:17  Stalker  
  35  3:19  Probe  
  38  3:21  Observer (Chrono Boost)  
  38  3:23  Probe  
  38  3:26  Pylon  
  40  3:31  Probe  
  40  3:32  Assimilator  
  40  3:33  Assimilator  
  41  3:35  Probe  
  42  3:43  Immortal (Chrono Boost), Probe  
  47  3:54  Robotics Bay  
  47  3:55  Probe x2  
  49  4:07  Probe  
  49  4:08  Pylon  
  50  4:10  Probe, Pylon  
  50  4:16  Sentry  
  53  4:27  Sentry x2  
  53  4:28  Probe x2  
  53  4:31  Pylon  
  59  4:37  Colossus (Chrono Boost)  
  59  4:40  Probe  
  66  4:51  Sentry  
  68  4:53  Pylon  
  68  5:02  Probe  
  69  5:07  Forge  
  69  5:11  Sentry  
  71  5:20  Colossus (Chrono Boost)  
  75  5:42  Probe x2  
  77  5:48  Extended Thermal Lance  
  77  5:52  Photon Cannon  
  77  5:54  Photon Cannon, Probe  
  77  5:56  Pylon  
  78  5:58  Pylon  
  78  6:04  Sentry x2  
  78  6:07  Warp Prism (Chrono Boost)  
  84  6:12  Pylon  
  84  6:15  Gateway  
  84  6:17  Gateway  
  84  6:18  Gateway  
  84  6:19  Gateway  
  84  6:22  Gateway  
  84  6:23  Pylon  
  84  6:25  Pylon  
  84  6:33  Pylon  
  84  6:35  Stalker x3  
  90  7:05  Stalker x2  
  90  7:06  Stalker  
  96  7:09  Pylon  
  96  7:10  Stalker  
  96  7:12  Stalker x2  
  102  7:28  Stalker x3  
  102  7:29  Stalker  
  104  7:42  Stalker x4  
  110  8:07  Stalker x4  
  110  8:08  Stalker x4  
Tags
 
Add a new tag
Caveats
  • Supply blocks, unpowered buildings, or Contaminate may cause inaccurate times.
  • Supply counts are checked every 10 seconds.